 Dungeon Crawl Stone Soup version 0.19.5 (webtiles) character file.

237534 Ponchio the Eclecticist (level 19, -7/104 HPs)
             Began as a Deep Elf Conjurer on Mar 25, 2017.
             Was the Champion of Vehumet.
             Mangled by Jerry's ghost (8 damage)
             ... on level 2 of the Shoals on Mar 26, 2017.
             The game lasted 07:51:22 (44828 turns).

Ponchio the Eclecticist (Deep Elf Conjurer)        Turns: 44828, Time: 07:51:23

Health: -7/104     AC: 14    Str:  5    XL:     19   Next: 30%
Magic:  31/78      EV: 19    Int: 32    God:    Vehumet [******]
Gold:   3416       SH:  0    Dex: 15    Spells: 11 memorised, 4 levels left

rFire  . . .     SeeInvis .     I - staff of power
rCold  . . .     Gourm    +     M - +1 robe of Lugonu's Supremacy {MR++}
rNeg   . . .     Faith    .     (no shield)
rPois  +         Spirit   .     G - +2 hat {Int+3}
rElec  .         Reflect  .     R - +2 cloak
rCorr  .         Harm     .     C - +2 pair of gloves
MR     +++..                    z - +2 pair of boots
Stlth  ++........               a - amulet of the gourmand
                                X - ring of magical power
                                p - ring of magical power

@: very slightly contaminated, deflect missiles
A: mutation resistance 1, poison resistance
a: Renounce Religion


You were on level 2 of the Shoals.
You worshipped Vehumet.
Vehumet was exalted by your worship.
You were very full.

You visited 6 branches of the dungeon, and saw 29 of its levels.
You also visited: Ossuary and Ice Cave.

You collected 3696 gold pieces.
You spent 280 gold pieces at shops.

Inventory:

Hand Weapons
 j - the +1 dagger of Red Wine {flame, rElec MR+ Str+2 SInv}
   (You found it on level 2 of the Depths)

   It has been specially enchanted to burn those struck by it, causing extra
   injury to most foes and up to half again as much damage against particularly
   susceptible opponents.
   It affects your strength (+2).
   It insulates you from electricity.
   It affects your resistance to hostile enchantments.
   It lets you see invisible.
Armour
 o - a +2 robe of cold resistance
 z - a +2 pair of boots (worn)
 C - a +2 pair of gloves (worn)
 G - a +2 hat of intelligence (worn)
 M - the +1 robe of Lugonu's Supremacy (worn) {MR++}
   (You found it on level 2 of the Depths)

   It affects your resistance to hostile enchantments.
 R - a +2 cloak (worn)
Magical Staves
 I - an uncursed staff of power (weapon)
Jewellery
 a - an amulet of the gourmand (around neck)
 n - an uncursed ring of resist corrosion
 p - a ring of magical power (left hand)
 E - an uncursed ring of protection from magic
 F - an uncursed ring of positive energy
 T - an uncursed ring of protection from cold
 V - an uncursed ring of protection from fire
 X - a ring of magical power (right hand)
Wands
 h - a wand of flame (16/48)
 O - a wand of hasting (9/9)
 W - a wand of heal wounds (4/9)
Scrolls
 d - 6 scrolls of fog
 e - 2 scrolls of recharging
 l - 9 scrolls of teleportation
 q - 16 scrolls of remove curse
 x - 3 scrolls of blinking
 J - 2 scrolls of holy word
 K - 17 scrolls of identify
 Y - 4 scrolls of fear
 Z - 2 scrolls of magic mapping
Potions
 b - 2 potions of invisibility
 g - 2 potions of haste
 i - a potion of agility
 r - 7 potions of flight
 t - 18 potions of curing
 u - 2 potions of magic
 w - 3 potions of brilliance
 B - 5 potions of ambrosia
Books
 k - a book of Clouds

   Spells                             Type                      Level
   a - Mephitic Cloud                 Conjuration/Poison/Air       3
   b - Conjure Flame                  Conjuration/Fire             3
   c - Poisonous Cloud                Conjuration/Poison/Air       6
   d - Freezing Cloud                 Conjuration/Ice/Air          6
   e - Ring of Flames                 Charms/Fire                  7
Miscellaneous
 v - a disc of storms
 N - a lamp of fire
 P - a fan of gales
 S - a phial of floods
 U - a sack of spiders
Comestibles
 c - 12 bread rations
 f - 11 meat rations
 D - 30 fruits
 H - 4 beef jerkies
 L - 6 royal jellies


   Skills:
 - Level 6.5 Fighting
 - Level 10.0 Dodging
 - Level 2.4 Stealth
 - Level 20.3 Spellcasting
 - Level 19.2 Conjurations
 - Level 13.4 Charms
 - Level 19.2 Fire Magic
 - Level 8.7 Ice Magic
 - Level 4.1 Air Magic
 + Level 5.6 Earth Magic
 - Level 4.1 Evocations


You had 4 spell levels left.
You knew the following spells:

 Your Spells              Type           Power        Failure   Level  Hunger
a - Magic Dart            Conj           ####         0%          1    None
b - Dazzling Spray        Conj/Hex       ######       1%          3    None
c - Iskenderun's Battles  Conj/Chrm      #######.     1%          5    None
d - Mephitic Cloud        Conj/Pois/Air  ######..     1%          3    None
e - Lehudib's Crystal Sp  Conj/Erth      #######...   12%         8    ####...
g - Blink                 Tloc           N/A          1%          2    None
h - Fireball              Conj/Fire      ########..   0%          5    None
i - Bolt of Cold          Conj/Ice       #######...   1%          6    None
j - Freezing Cloud        Conj/Ice/Air   #######...   1%          6    None
k - Fire Storm            Conj/Fire      ########..   10%         9    ######.
l - Deflect Missiles      Chrm/Air       ######....   6%          6    None


Dungeon Overview and Level Annotations

Branches:
Dungeon (15/15)            Temple (1/1) D:5            Lair (6/6) D:8
 Shoals (2/4) Lair:2       Spider (0/4) Lair:3        Slime (0/5) Lair:6
    Orc (2/2) D:9             Elf (0/3) Orc:2        Vaults (0/5) D:14
 Depths (3/5) D:15

Altars:
Ashenzari
Cheibriados
Dithmenos
Elyvilon
Fedhas
Gozag
Hepliaklqana
Kikubaaqudgha
Makhleb
Nemelex Xobeh
Okawaru
Qazlal
Ru
Sif Muna
Trog
Uskayaw
Vehumet
Xom
Yredelemnul
Zin
The Shining One
Jiyva

Shops:
D:7 :   Orc:2 }:*[(

Portals:
Hell: Lair:6 Depths:1 Depths:2
Abyss: Depths:2
Ziggurat: Depths:2

Annotations:
Shoals:2 Jerry's ghost, adept HOGl


Innate Abilities, Weirdness & Mutations

You are somewhat resistant to further mutation.
Your system is resistant to poisons. (rPois)


Message History

Aim: Jerry's ghost, wielding a vorpal weapon (severely damaged)
You miscast Lehudib's Crystal Spear.
The floor vibrates.
Jerry's ghost hits you!
Casting: Lehudib's Crystal Spear
Confirm with . or Enter, or press ? or * to list all spells.
Aiming: Lehudib's Crystal Spear
Press: ? - help, Shift-Dir - straight line, f/p - Jerry's ghost
Aim: Jerry's ghost, wielding a vorpal weapon (severely damaged)
The crystal spear misses Jerry's ghost.
Jerry's ghost hits you!!!
* * * LOW HITPOINT WARNING * * *
x2
Casting: Lehudib's Crystal Spear
Confirm with . or Enter, or press ? or * to list all spells.
You blink.
Okay, then.
Evoke which item? (* to show all) (? for menu, Esc to quit)
Zapping:
W - a wand of heal wounds (5/9)
Press: ? - help, Shift-Dir - straight line, f - you, p - Jerry's ghost You feel much better.
This wand has 4 charges left.
Jerry's ghost hits you!!
* * * LOW HITPOINT WARNING * * *
You die...

#P≈.......≈.......≈≈≈≈≈≈≈≈
###......≈≈≈≈...≈≈≈≈≈≈≈≈≈≈≈
#.PW.#...≈≈....≈≈.≈≈≈≈≈≈≈≈≈
##..##..........≈.≈≈≈≈≈≈≈≈≈
#..###.........≈≈((≈≈≈≈≈≈≈ .
##≈....§........≈≈≈≈.....≈
..#####>.≈≈≈...##....≈≈≈≈≈..##..
..≈≈≈...≈≈≈≈≈.W##....≈≈≈≈(.###..
≈≈≈≈≈.#..≈≈≈≈≈.@.....≈≈≈≈.(###..
≈≈.≈≈........≈.........≈≈≈(.....
≈≈≈≈≈≈≈....#...........≈≈≈≈)..≈≈
≈≈≈≈≈≈≈≈≈........≈....≈≈≈≈..))≈≈
.≈≈≈≈≈≈≈.............###≈≈≈≈))≈≈≈
≈≈≈≈≈≈≈≈..≈≈≈...###..##.≈≈≈≈≈≈≈≈≈
≈≈≈≈≈≈≈.≈≈≈≈≈≈≈.# #...≈≈≈≈≈≈≈≈≈≈≈
≈≈≈≈≈≈≈≈≈≈≈≈≈..........≈≈≈≈≈≈≈≈≈≈
≈≈≈≈≈≈≈≈≈≈≈≈≈...≈≈≈≈≈.≈≈≈≈≈≈≈≈≈≈≈


You could see Jerry's ghost.

Vanquished Creatures
  A golden dragon (Depths:2)
  A lich (Depths:2)
  A tentacled monstrosity (Depths:2)
  2 quicksilver dragons (Depths:2)
  A sphinx (Depths:2)
  Gastronok (Lair:2)
  A shadow dragon (Depths:2)
  2 storm dragons (Depths:2)
  2 iron dragons (Depths:2)
  A frost giant (shapeshifter) (Depths:1)
  A balrug (Depths:2)
  6 frost giants
  Aizul (Shoals:2)
  2 orc warlords (Orc:2)
  3 spriggan defenders (Depths:1)
  6 very ugly things (Depths:2)
  12 stone giants
  3 vampire knights
  Nessos (D:15)
  2 deep elf demonologists (Depths:2)
  A deep elf annihilator (Depths:1)
  2 spark wasps
  A dire elephant (Lair:6)
  A merfolk javelineer (Shoals:2)
  6 ettins
  A dire elephant (shapeshifter) (Depths:1)
  A blizzard demon (Depths:2)
  A fire dragon (Depths:1)
  Snorg (Orc:2)
  Josephine (Orc:1)
  6 great orbs of eyes
  4 yaktaur captains
  Fannar (Lair:2)
  An ice dragon (shapeshifter) (Depths:1)
  4 ice dragons
  4 deep elf high priests (Depths:2)
  2 hell beasts
  2 spriggan air magi
  10 hydras
  A merfolk avatar (Shoals:2)
  2 catoblepae (Lair:6)
  A vault guard (D:14)
  2 ghost crabs (shapeshifter) (Depths:1)
  A catoblepas (shapeshifter) (Depths:1)
  6 ogre magi
  2 satyrs (Shoals:2)
  10 centaur warriors
  18 tengu warriors
  5 deep troll shamans
  Urug (Orc:1)
  3 orc high priests (Orc:2)
  A vampire mage (Depths:2)
  4 spriggan berserkers (Depths:2)
  4 soul eaters
  3 sun demons (Depths:2)
  3 skeletal warriors (Depths:2)
  The ghost of veneficus the Severer, a novice MiBe of Trog (D:8)
  4 iron trolls
  4 hell knights (Depths:1)
  3 sea snakes
  4 deep trolls
  5 unseen horrors
  A lindwurm (shapeshifter) (Depths:1)
  A flayed ghost (Depths:1)
  8 glowing orange brains
  An unseen horror (shapeshifter) (D:15)
  4 necromancers
  2 phantasmal warriors (Depths:2)
  3 hill giants
  An obsidian statue (Depths:1)
  A swamp dragon (shapeshifter) (Depths:1)
  2 harpies (shapeshifter)
  11 harpies
  4 wizards
  3 deep elf magi
  An orange crystal statue (Shoals:1)
  4 orc knights (Orc:2)
  A wolf spider zombie (D:15)
  The ghost of sreda the Thaumaturge, a novice DEWz of Sif Muna (D:9)
  A cyclops (shapeshifter) (Depths:1)
  An oklob plant (Lair:3)
  4 orc sorcerers (Orc:2)
  34 ugly things
  13 fauns
  A salamander (shapeshifter) (Depths:1)
  7 manticores
  24 elephants
  3 cyclopes
  An elephant (shapeshifter) (Depths:1)
  8 rust devils (Depths:2)
  3 ice statues
  6 black mambas
  4 water nymphs
  3 gargoyles
  2 sirens
  3 centaur skeletons
  2 guardian serpents (shapeshifter)
  4 orange demons (Lair:6)
  A torpor snail (shapeshifter) (Depths:1)
  17 spiny frogs
  29 yaktaurs
  A hellion (Depths:3)
  A komodo dragon (shapeshifter) (D:14)
  A rime drake (shapeshifter) (Depths:1)
  9 komodo dragons
  10 ice devils
  A demonic crawler (Lair:3)
  A rime drake (Lair:6)
  3 tengu conjurers
  An efreet (Depths:2)
  A hellwing (Lair:6)
  8 merfolk
  3 meliai (D:13)
  A queen bee (shapeshifter) (D:14)
  2 wind drakes (shapeshifter)
  A troll (shapeshifter) (Depths:2)
  8 trolls
  A hornet (shapeshifter) (Depths:1)
  7 red devils
  9 slime creatures
  Grinder (D:4)
  3 wind drakes (Shoals:1)
  A hornet (Depths:1)
  A blink frog (shapeshifter) (D:15)
  9 two-headed ogres
  7 blink frogs (Lair:6)
  11 hippogriffs
  A dream sheep (Lair:6)
  The ghost of patcoet the Grave Robber, an amateur DsNe (D:4)
  A raiju (shapeshifter) (D:15)
  A hippogriff (shapeshifter) (D:15)
  A snapping turtle (Lair:2)
  3 water elementals
  A flying skull (Depths:2)
  43 yaks
  2 air elementals (Depths:3)
  2 spriggans
  2 shadows
  10 wraiths
  2 vampires
  5 basilisks
  4 hungry ghosts
  A hog (shapeshifter) (Depths:1)
  2 vampire mosquitoes (D:14)
  A spriggan simulacrum (Depths:1)
  A warg (Orc:2)
  6 hell hounds
  7 porcupines
  14 water moccasins
  36 orc warriors
  4 sky beasts
  2 ice beasts (shapeshifter) (Depths:1)
  A phantom (D:6)
  The ghost of Turtleman12345 the Skirmisher, an amateur MiAK of Lugonu (D:3)
  3 eyes of draining
  An ettin simulacrum (Depths:2)
  3 necrophages
  6 ice beasts
  26 ogres
  6 boggarts
  A black bear (Lair:5)
  A tengu (shapeshifter) (Depths:1)
  13 centaurs
  10 wolves
  14 crocodiles
  6 big kobolds
  An elf zombie (Ossuary)
  2 gnoll sergeants
  25 bullfrogs
  A wyvern zombie (D:6)
  A water moccasin skeleton (D:5)
  4 scorpions
  17 killer bees
  8 wights
  6 howler monkeys
  4 crimson imps
  2 bullfrog zombies
  6 centaur zombies
  2 draconian simulacra (IceCv)
  2 quasits
  7 hounds
  8 jellies
  2 human zombies (Ossuary)
  28 orc priests
  3 bullfrog skeletons
  A gnoll shaman (D:5)
  4 iguanas
  37 orc wizards
  10 worker ants
  3 troll simulacra (IceCv)
  2 centaur simulacra
  3 big kobold zombies (Ossuary)
  3 hound zombies (Ossuary)
  A hound skeleton (D:4)
  4 mummies
  A worker ant zombie (D:9)
  A gnoll (shapeshifter) (D:13)
  16 gnolls
  14 adders
  2 naga simulacra (IceCv)
  2 ogre simulacra (IceCv)
  3 shadow imps
  12 white imps (Lair:2)
  6 adder zombies
  4 worms
  2 dart slugs (D:1)
  6 leopard geckos
  78 orcs
  20 bats
  4 giant cockroaches
  4 goblins
  5 hobgoblins
  17 jackals
  32 kobolds
  2 quokkas
  2 ball pythons
  5 frilled lizards
  A giant cockroach zombie (D:5)
  A goblin zombie (Ossuary)
  A hobgoblin zombie (Ossuary)
  2 jackal skeletons
  4 jackal zombies (Ossuary)
  9 kobold zombies (Ossuary)
  3 orc zombies (Ossuary)
  A quokka skeleton (D:3)
  A quokka zombie (D:9)
  17 rats
  4 rat zombies (Ossuary)
  2 fungi
  7 plants
1243 creatures vanquished.

Vanquished Creatures (collateral kills)
  A very ugly thing (Depths:3)
1 creature vanquished.

Vanquished Creatures (others)
  2 quicksilver dragon simulacra (Depths:2)
  5 ettin simulacra (Depths:2)
  2 fire vortices (Depths:3)
  16 fungi
  13 plants
38 creatures vanquished.

Grand Total: 1282 creatures vanquished

Notes
Turn   | Place    | Note
-------+----------+-------------------------------------------
     0 | D:1      | Ponchio the Deep Elf Conjurer began the quest for the Orb.
     0 | D:1      | Reached XP level 1. HP: 10/10 MP: 6/6
   226 | D:1      | Reached skill level 4 in Spellcasting
   226 | D:1      | Reached XP level 2. HP: 15/15 MP: 7/9
  1532 | D:2      | Reached XP level 3. HP: 16/19 MP: 11/11
  1537 | D:2      | Learned a level 3 spell: Dazzling Spray
  1545 | D:2      | Reached skill level 5 in Spellcasting
  1836 | D:2      | Found a stormy altar of Qazlal.
  1909 | D:2      | Reached XP level 4. HP: 22/24 MP: 13/13
  2143 | D:2      | Reached skill level 6 in Spellcasting
  2705 | D:3      | Noticed Turtleman12345's ghost (amateur MiAK)
  3200 | D:3      | Found a deep blue altar of Sif Muna.
  3211 | D:3      | Found a shadowy altar of Dithmenos.
  3211 | D:3      | Found a shattered altar of Ashenzari.
  3268 | D:3      | Noticed an angel
  3269 | D:3      | Found a glowing silver altar of Zin.
  3757 | D:3      | Found a hazy altar of Hepliaklqana.
  3942 | D:3      | Reached skill level 7 in Spellcasting
  4369 | D:4      | Noticed patcoet's ghost (amateur DsNe)
  4416 | D:4      | Killed patcoet's ghost
  4416 | D:4      | Reached skill level 8 in Spellcasting
  4416 | D:4      | Reached XP level 5. HP: 6/28 MP: 7/18
  4416 | D:4      | Reached XP level 6. HP: 7/32 MP: 7/19
  4642 | D:4      | Learned a level 5 spell: Iskenderun's Battlesphere
  4669 | D:3      | HP: 1/32 [Turtleman12345's ghost (10)]
  5034 | D:4      | Reached skill level 1 in Charms
  5377 | D:4      | Noticed Grinder
  5399 | D:4      | Killed Grinder
  5399 | D:4      | Reached skill level 5 in Charms
  5399 | D:4      | Reached XP level 7. HP: 4/36 MP: 1/21
  5906 | D:3      | Found a blossoming altar of Fedhas.
  6123 | D:3      | Found a deep blue altar of Sif Muna.
  6179 | D:3      | Found a glowing silver altar of Zin.
  6492 | D:3      | Killed Turtleman12345's ghost
  6496 | D:3      | Found a shadowy altar of Dithmenos.
  6496 | D:3      | Found a shattered altar of Ashenzari.
  6514 | D:3      | Found a hazy altar of Hepliaklqana.
  6692 | D:5      | Entered Level 5 of the Dungeon
  6712 | D:5      | Found a staircase to the Ecumenical Temple.
  6756 | Temple   | Entered the Ecumenical Temple
  6808 | Temple   | Became a worshipper of Vehumet
  7039 | D:5      | Reached skill level 5 in Conjurations
  7044 | D:5      | Reached XP level 8. HP: 37/41 MP: 18/22
  7856 | D:5      | Found a staircase to the Ecumenical Temple.
  8445 | D:6      | Reached * piety under Vehumet
  8445 | D:6      | Offered knowledge of Flame Tongue by Vehumet.
  8877 | D:6      | Reached skill level 9 in Spellcasting
  8913 | D:6      | Reached XP level 9. HP: 45/45 MP: 24/24
  9462 | D:7      | Found a sand-covered staircase.
  9498 | Ossuary  | Entered an ossuary
  9541 | Ossuary  | Reached ** piety under Vehumet
  9582 | Ossuary  | Offered knowledge of Sandblast by Vehumet.
  9856 | Ossuary  | Offered knowledge of Mephitic Cloud by Vehumet.
  9860 | Ossuary  | Reached skill level 10 in Conjurations
 10130 | Ossuary  | Reached *** piety under Vehumet
 10525 | D:7      | Reached skill level 10 in Spellcasting
 10587 | D:7      | Found Fawuot's Book Boutique.
 10594 | D:7      | Learned a level 3 spell: Mephitic Cloud
 10684 | D:7      | Reached skill level 10 in Charms
 10698 | D:7      | Found a sacrificial altar of Ru.
 11049 | D:8      | Found an ancient bone altar of Kikubaaqudgha.
 11192 | D:8      | Offered knowledge of Stone Arrow by Vehumet.
 11299 | D:8      | Reached XP level 10. HP: 50/50 MP: 26/26
 11523 | D:8      | Reached **** piety under Vehumet
 11606 | D:8      | Found a staircase to the Lair.
 11702 | D:8      | Noticed veneficus's ghost (novice MiBe)
 11715 | D:8      | Killed veneficus's ghost
 11715 | D:8      | Reached skill level 11 in Spellcasting
 12042 | D:9      | Offered knowledge of Force Lance by Vehumet.
 12064 | D:9      | Got an encrusted shortbow
 12134 | D:9      | Identified the cursed +0 shortbow of Yrudukh {velocity, MR+} (You found it on level 9 of the Dungeon)
 12169 | D:9      | Found a staircase to the Orcish Mines.
 12322 | D:9      | Noticed sreda's ghost (novice DEWz)
 12329 | D:9      | Killed sreda's ghost
 12662 | D:9      | Reached skill level 12 in Spellcasting
 12933 | D:10     | Entered Level 10 of the Dungeon
 13224 | D:10     | Reached ***** piety under Vehumet
 13224 | D:10     | Offered knowledge of Venom Bolt by Vehumet.
 13344 | D:10     | Reached XP level 11. HP: 54/54 MP: 29/29
 13444 | D:10     | Gained mutation: You are somewhat resistant to further mutation. [potion of mutation]
 13444 | D:10     | Gained mutation: Your system is resistant to poisons. (rPois) [potion of mutation]
 13916 | D:7      | Bought a book of Minor Magic for 280 gold pieces
 13920 | D:7      | Learned a level 3 spell: Conjure Flame
 13923 | D:7      | Learned a level 2 spell: Repel Missiles
 13926 | D:7      | Learned a level 2 spell: Blink
 13989 | Lair:1   | Entered Level 1 of the Lair of Beasts
 14061 | Lair:1   | Reached skill level 1 in Fire Magic
 14403 | Lair:1   | Noticed a seven-headed hydra
 14427 | Lair:1   | Killed a seven-headed hydra
 14870 | Lair:2   | Reached skill level 5 in Fire Magic
 14989 | Lair:2   | Noticed Fannar
 15013 | Lair:2   | Killed Fannar
 15118 | Lair:2   | Identified Ticuarece's Volume of the Blaze and Evil
 15169 | Lair:2   | Found a frozen archway.
 15172 | IceCv    | Entered an ice cave
 15179 | IceCv    | Learned a level 5 spell: Fireball
 15579 | IceCv    | Reached skill level 10 in Fire Magic
 15756 | IceCv    | Noticed a necromancer
 15760 | IceCv    | Killed a necromancer
 15760 | IceCv    | Reached XP level 12. HP: 22/59 MP: 30/30
 16025 | Lair:2   | Offered knowledge of Poison Arrow by Vehumet.
 16286 | Lair:2   | Noticed Gastronok
 16295 | Lair:2   | Killed Gastronok
 16437 | Lair:2   | Found a staircase to the Shoals.
 17317 | Lair:3   | Found a sparkling altar of Nemelex Xobeh.
 17326 | Lair:3   | Noticed a five-headed hydra
 17329 | Lair:3   | Killed a five-headed hydra
 17429 | Lair:3   | Noticed a seven-headed hydra
 17432 | Lair:3   | Killed a seven-headed hydra
 17585 | Lair:3   | Found a hole to the Spider Nest.
 17721 | Lair:3   | Noticed a four-headed hydra
 17725 | Lair:3   | Killed a four-headed hydra
 18502 | Lair:4   | Got a warped robe
 18513 | Lair:4   | Identified the +1 robe of the Guilds {Regen+ Dex+3} (You found it on level 4 of the Lair of Beasts)
 18574 | Lair:4   | Reached XP level 13. HP: 63/63 MP: 31/31
 19204 | Lair:5   | Reached skill level 13 in Spellcasting
 19912 | Lair:6   | Entered Level 6 of the Lair of Beasts
 20016 | Lair:6   | Offered knowledge of Irradiate by Vehumet.
 20384 | Lair:6   | Reached skill level 15 in Fire Magic
 20408 | Lair:6   | Reached skill level 14 in Spellcasting
 20603 | Lair:6   | Noticed a dire elephant
 20610 | Lair:6   | Killed a dire elephant
 20926 | Lair:6   | Reached XP level 14. HP: 68/68 MP: 34/34
 21336 | Lair:6   | Found a runed door.
 21337 | Lair:6   | Found a viscous altar of Jiyva.
 21341 | Lair:6   | Found a staircase to the Slime Pits.
 22048 | Lair:6   | Offered knowledge of Bolt of Cold by Vehumet.
 22059 | Lair:6   | Found a burning altar of Makhleb.
 22082 | Lair:5   | Learned a level 6 spell: Bolt of Cold
 22168 | Lair:6   | Reached skill level 1 in Ice Magic
 22423 | Lair:6   | Found a gateway to Hell.
 22850 | Lair:6   | Reached skill level 15 in Conjurations
 23048 | Orc:1    | Entered Level 1 of the Orcish Mines
 23058 | Orc:1    | Noticed Urug
 23064 | Orc:1    | Killed Urug
 23282 | Orc:1    | Noticed Josephine
 23284 | Orc:1    | Killed Josephine
 23451 | Orc:2    | Entered Level 2 of the Orcish Mines
 23691 | Orc:2    | Reached skill level 15 in Spellcasting
 23794 | Orc:2    | Found Peguot's Quality Used Wands.
 23977 | Orc:2    | Found a staircase to the Elven Halls.
 24061 | Orc:2    | Noticed an orc warlord
 24061 | Orc:2    | Offered knowledge of Orb of Destruction by Vehumet.
 24070 | Orc:2    | Killed an orc warlord
 24528 | Orc:2    | Noticed an orc warlord
 24531 | Orc:2    | Noticed Snorg
 24592 | Orc:2    | Reached skill level 1 in Fighting
 24599 | Orc:2    | Killed Snorg
 24604 | Orc:2    | Killed an orc warlord
 24771 | Orc:2    | Reached skill level 5 in Dodging
 25093 | Orc:2    | Found Sauhutua's General Store.
 25094 | Orc:2    | Found Uvoerres's Book Shoppe.
 25097 | Orc:2    | Found Gubronang's Antique Armour Emporium.
 25097 | Orc:2    | Found Ariss's Antique Weapon Emporium.
 25958 | D:11     | Offered knowledge of Freezing Cloud by Vehumet.
 25966 | D:11     | Learned a level 6 spell: Freezing Cloud
 26133 | D:11     | Reached XP level 15. HP: 78/78 MP: 36/36
 27112 | D:12     | Reached ****** piety under Vehumet
 28183 | D:13     | Reached skill level 5 in Ice Magic
 29165 | D:13     | Offered knowledge of Ozocubu's Refrigeration by Vehumet.
 29438 | D:14     | Reached skill level 5 in Fighting
 29722 | D:14     | Found a gate to the Vaults.
 29882 | D:15     | Entered Level 15 of the Dungeon
 30025 | D:15     | Noticed Nessos
 30028 | D:15     | Killed Nessos
 30193 | D:15     | Found a snail-covered altar of Cheibriados.
 30767 | D:15     | Reached skill level 10 in Dodging
 30904 | D:15     | Offered knowledge of Lehudib's Crystal Spear by Vehumet.
 30904 | D:15     | Offered knowledge of Fire Storm by Vehumet.
 30904 | D:15     | Offered knowledge of Shatter by Vehumet.
 30919 | D:15     | Found a staircase to the Depths.
 31144 | Depths:1 | Entered Level 1 of the Depths
 31147 | Depths:1 | Reached XP level 16. HP: 79/90 MP: 37/37
 31388 | Depths:1 | Paralysed by a great orb of eyes for 7 turns
 31417 | Depths:1 | Reached skill level 16 in Spellcasting
 32099 | Depths:1 | Learned a level 9 spell: Fire Storm
 32504 | Depths:1 | Reached skill level 17 in Spellcasting
 32813 | Depths:1 | Noticed a sphinx
 32813 | Depths:1 | a stone giant changed into a sphinx
 32814 | Depths:1 | a sphinx changed into a frost giant
 32918 | Depths:1 | Reached skill level 18 in Spellcasting
 33237 | Depths:1 | Noticed a storm dragon
 33237 | Depths:1 | a storm dragon changed into a catoblepas
 33260 | Depths:1 | Reached skill level 19 in Spellcasting
 33739 | Depths:1 | Learned a level 6 spell: Deflect Missiles
 34307 | Depths:1 | Reached skill level 1 in Air Magic
 34462 | Depths:1 | Got a spiked leather armour
 34473 | Depths:1 | Identified the +3 leather armour of the Fife {MR+} (You found it on level 1 of the Depths)
 34675 | Depths:1 | Reached XP level 17. HP: 94/94 MP: 42/42
 35017 | Depths:2 | Got a brightly glowing robe
 35035 | Depths:1 | Identified the +1 robe of Lugonu's Supremacy {MR++} (You found it on level 2 of the Depths)
 35211 | Depths:2 | Found a bloodstained altar of Trog.
 35447 | Depths:2 | Found a gateway to a ziggurat.
 35501 | Depths:2 | Identified a scroll of acquirement
 36039 | Depths:2 | Noticed a golden dragon
 36047 | Depths:2 | Killed a golden dragon
 36846 | Depths:2 | Noticed a quicksilver dragon
 36849 | Depths:2 | Killed a quicksilver dragon
 36852 | Depths:2 | Found a hazy altar of Hepliaklqana.
 36897 | Depths:2 | Got an ivory dagger
 36898 | Depths:2 | Identified the +1 dagger of Red Wine {flame, rElec MR+ Str+2 SInv} (You found it on level 2 of the Depths)
 36909 | Depths:2 | Got a bone trident {flame}
 36910 | Depths:2 | Identified the cursed +0 trident "Zaevuwir" {flame, rPois} (You took it off a deep elf demonologist on level 2 of the Depths)
 37223 | Depths:2 | Noticed a lich
 37226 | Depths:2 | Killed a lich
 37226 | Depths:2 | Reached XP level 18. HP: 100/100 MP: 43/43
 39417 | Depths:2 | Noticed a tentacled monstrosity
 39429 | Depths:2 | Killed a tentacled monstrosity
 39942 | Depths:2 | Found a radiant altar of Vehumet.
 40429 | Depths:2 | Got a scorched brass amulet
 40652 | Depths:2 | Got a shimmering granite ring
 40654 | Depths:2 | Identified the ring of Dunoboav {+Fly rC- MR+ Str+7} (You took it off a tengu warrior on level 2 of the Depths)
 40658 | Depths:2 | Identified the amulet of Charity {rC+ Regen+ Stlth+} (You took it off a tengu warrior on level 2 of the Depths)
 40829 | Depths:2 | Got a scorched flail {flame}
 40830 | Depths:2 | Identified the +11 flail "Luilided" {flame, Dex+3} (You took it off a tengu warrior on level 2 of the Depths)
 40843 | Depths:2 | Got a dazzling chain mail
 40854 | Depths:2 | Identified the +4 chain mail of Context {+Inv rC+ rN++ Stlth+} (You took it off a tengu warrior on level 2 of the Depths)
 40906 | Depths:2 | Found an opulent altar of Gozag.
 40907 | Depths:2 | Found a one-way gate to the infinite horrors of the Abyss.
 42115 | Depths:2 | Reached skill level 1 in Evocations
 43062 | Shoals:1 | Entered Level 1 of the Shoals
 43069 | Shoals:1 | Reached XP level 19. HP: 104/104 MP: 22/44
 43620 | Shoals:1 | Reached skill level 20 in Spellcasting
 44226 | Lair:1   | Learned a level 8 spell: Lehudib's Crystal Spear
 44321 | Shoals:2 | Reached skill level 1 in Earth Magic
 44330 | Shoals:2 | Noticed Aizul
 44332 | Shoals:2 | Killed Aizul
 44338 | Shoals:2 | Noticed Jerry's ghost (adept HOGl)
 44617 | Shoals:2 | Reached skill level 5 in Earth Magic
 44828 | Shoals:2 | HP: 1/104 [Jerry's ghost (30)]
 44828 | Shoals:2 | Mangled by Jerry's ghost

Skill      XL: |  1  2  3  4  5  6  7  8  9 10 11 12 13 14 15 16 17 18 19 |
---------------+----------------------------------------------------------+-----
Spellcasting   | 4 5 8 9 10 12 14 15 19 20 | 20.3
Charms         | 5 8 10 12 13 | 13.4
Conjurations   | 5 9 11 12 14 15 17 19 | 19.2
Fire Magic     | 10 14 15 16 17 19 | 19.2
Ice Magic      | 3 8 |  8.7
Fighting       | 3 6 |  6.5
Dodging        | 5 10 | 10.0
Air Magic      | 1 4 |  4.1
Evocations     | 3 4 |  4.1
Earth Magic    | 5 |  5.6
Stealth        | |  2.4

Action                   |  1- 3 |  4- 6 |  7- 9 | 10-12 | 13-15 | 16-18 | 19-21 || total
-------------------------+-------+-------+-------+-------+-------+-------+-------++-------
Melee: Whip              |       |     7 |       |       |       |       |       ||     7
       Staff             |       |       |       |       |     1 |       |       ||     1
 Cast: Magic Dart        |    60 |    84 |   281 |   262 |   249 |    28 |       ||   964
       Dazzling Spray    |     3 |    45 |    19 |    39 |    12 |       |       ||   118
       Iskenderun's Batt |       |       |    41 |    82 |   140 |   106 |    21 ||   390
       Fireball          |       |       |       |    79 |   391 |   240 |    36 ||   746
       Repel Missiles    |       |       |       |     1 |     1 |     1 |       ||     3
       Blink             |       |       |       |     1 |       |     4 |     1 ||     6
       Bolt of Cold      |       |       |       |       |    32 |   301 |    45 ||   378
       Freezing Cloud    |       |       |       |       |     1 |     8 |       ||     9
       Deflect Missiles  |       |       |       |       |       |     3 |     1 ||     4
       Fire Storm        |       |       |       |       |       |     1 |       ||     1
       Lehudib's Crystal |       |       |       |       |       |       |     4 ||     4
Evoke: Wand              |       |     5 |       |     3 |     6 |       |     1 ||    15
       Phial of floods   |       |       |       |       |     1 |       |       ||     1
       Disc of storms    |       |       |       |       |       |     1 |       ||     1
  Use: Scroll            |       |     7 |    12 |    20 |    12 |     5 |     2 ||    58
       Potion            |       |       |       |     1 |     2 |     6 |       ||     9
 Stab: Invisible         |       |     3 |       |       |       |       |       ||     3
  Eat: Chunk             |     3 |     8 |    15 |    25 |    43 |    41 |     7 ||   142
       Pizza             |       |     1 |       |       |     1 |     2 |       ||     4
       Beef jerky        |       |     1 |     3 |     1 |     3 |       |       ||     8
       Royal jelly       |       |       |     1 |     4 |       |       |       ||     5
       Bread ration      |       |       |     1 |       |       |       |       ||     1
       Fruit             |       |       |       |       |     3 |       |       ||     3
Armor: Robe              |       |     7 |    23 |    33 |    32 |    12 |     5 ||   112
Dodge: Dodged            |     8 |    33 |    37 |    64 |    70 |    78 |    22 ||   312
       Deflected         |       |       |       |     3 |    17 |    42 |    14 ||    76
